 Dungeon Crawl Stone Soup version 0.25-a0-890-g62861fb (webtiles) character file.

Game seed: 16904438713174097706, levelgen mode: deterministic

49 Charmandara the Poker (level 3, 0/30 HPs)
             Began as a Merfolk Chaos Knight on May 6, 2020.
             Was a Plaything of Xom.
             Succumbed to a black mamba's poison
             ... on level 2 of the Dungeon on May 8, 2020.
             The game lasted 00:02:23 (928 turns).

Charmandara the Poker (Merfolk Chaos Knight)         Turns: 928, Time: 00:02:24

Health: 0/30       AC:  5    Str: 13    XL:     3   Next: 77%
Magic:  3/3        EV: 13    Int: 11    God:    Xom [..*...]
Gold:   37         SH:  0    Dex: 13    Spells: 2/2 levels left

rFire    . . .     SeeInvis .   a - +0 spear (chaos)
rCold    . . .     Gourm    .   (no shield)
rNeg     . . .     Faith    .   b - +2 leather armour
rPois    .         Spirit   .   (no helmet)
rElec    .         Reflect  .   (no cloak)
rCorr    .         Harm     .   (no gloves)
MR       .....                  (no boots)
Stlth    +.........             (no amulet)
HPRegen  0.10/turn              (no ring)
MPRegen  0.08/turn              (no ring)

@: lethally poisoned (0 -> -10)
A: change form in water, swift swim, stealthy swim
a: Renounce Religion


You were on level 2 of the Dungeon.
You worshipped Xom.
You were a toy of Xom.
You were not hungry.

You visited 1 branch of the dungeon, and saw 2 of its levels.

You collected 37 gold pieces.

Inventory:

Hand Weapons
 a - a +0 spear of chaos (weapon)
Armour
 b - a +2 leather armour (worn)
Scrolls
 d - a scroll of enchant weapon {unknown}
 e - a scroll of noise {unknown}
 g - 6 scrolls of teleportation {unknown}
 h - a scroll of identify {unknown}
 k - a scroll of blinking {unknown}
Comestibles
 c - a ration
 i - 2 chunks of flesh {@w0}


   Skills:
 + Level 3.8 Fighting
 * Level 5.7 Polearms
 - Level 0.6 Armour
 + Level 3.5 Dodging


You had 2 spell levels left.
You didn't know any spells.
Your spell library was empty.

Dungeon Overview and Level Annotations

Branches:
Dungeon (2/15)

Altars:


Message History

You kill the jackal!
You see here a jackal corpse.
g - 6 scrolls labeled POZAES EDIY (gained 1)
You see here a jackal corpse.
You butcher the jackal corpse.
i - 2 chunks of flesh {@w0} (gained 1)
You see here a jackal skeleton.
A jackal comes into view.
A jackal is nearby!
A jackal is nearby!
A jackal comes into view.
The jackal barks! x2; You hear an angry hiss.
You hear a bark!
You see here a scroll labeled KASHRI PADUUVAKH.
You hit the jackal but do no damage.
The jackal changes into a shapeshifter!
The shapeshifter changes into a black mamba!
Okay, then.
Okay, then.
Okay, then.
It was a potion of curing.
You feel better.
Xom roars with laughter!
The jackal bites you but does no damage.
Health restored: 30
Okay, then.
As you read the scroll labeled GUFUDIRUTA, it crumbles to dust.
It is a scroll of amnesia.
You feel forgetful for a moment. The black mamba bites you.
The black mamba bites you!
Ouch! That really hurt!
A shower of butterflies erupts from you!
You are lethally poisoned!
The black mamba poisons you! The jackal bites you.
You take 20 damage, and have 10/30 hp.
MASSIVE DAMAGE!!
Unknown command.
You swap places.
* * * LOW HITPOINT WARNING * * *
You feel sick.
You take 1 damage, and have 9/30 hp.
* * * LOW HITPOINT WARNING * * *
You feel sick.
The black mamba completely misses your butterfly.
You take 1 damage, and have 8/30 hp.
Okay, then.
Welcome back, Charmandara the Merfolk Chaos Knight.
Xom snickers.
Okay, then.
Attack whom?
Aim: a black mamba shaped shifter You reach to attack!
You miss the black mamba.
* * * LOW HITPOINT WARNING * * *
You feel sick. The black mamba misses your butterfly.
You take 1 damage, and have 7/30 hp.
Unknown command.
Attack whom?
Aim: a black mamba shaped shifter You could not reach far enough!
* * * LOW HITPOINT WARNING * * *
You feel sick.
The black mamba completely misses your butterfly.
The jackal completely misses your butterfly.
You take 1 damage, and have 6/30 hp.
Unknown command.
Attack whom?
Aim: a black mamba shaped shifter You reach to attack!
You closely miss the black mamba.
The black mamba completely misses your butterfly.
The jackal misses your butterfly.
Unknown command.
Attack whom?
Aim: a black mamba shaped shifter You reach to attack!
You hit the black mamba.
You feel better.
* * * LOW HITPOINT WARNING * * *
You feel sick.
Unknown command.
Your extra speed is starting to run out.
* * * LOW HITPOINT WARNING * * *
You feel sick.
The black mamba barely misses your butterfly.
You take 1 damage, and have 5/30 hp.
You swap places.
* * * LOW HITPOINT WARNING * * *
You feel sick.
The jackal completely misses your butterfly.
You take 1 damage, and have 4/30 hp.
The black mamba completely misses your butterfly.
* * * LOW HITPOINT WARNING * * *
You feel sick.
The jackal completely misses your butterfly.
You see here a jackal skeleton.
You take 1 damage, and have 3/30 hp.
* * * LOW HITPOINT WARNING * * *
You feel sick.
The black mamba completely misses your butterfly.
You take 1 damage, and have 2/30 hp.
* * * LOW HITPOINT WARNING * * *
You feel sick.
You take 1 damage, and have 1/30 hp.
You feel yourself slow down.
You die...
Xom chuckles heartily!

############.##..##..#####
####.##..##..##
#..............
####............
#.##..##..####
#######.##b.##..##
......(.S...b.....
######.##รท.##..## #@##..#
.# #.##h.# # #.##bb#
#.##..# #.##..# #.##?.#
...............
.###.##.####..[ .. ... .


You could see a black mamba shaped shifter.

Vanquished Creatures
  A gnoll (D:1)
  An adder (D:2)
  2 leopard geckos (D:2)
  2 bats (D:1)
  A giant cockroach (D:1)
  2 goblins (D:1)
  4 hobgoblins (D:1)
  4 jackals
  2 kobolds (D:1)
  2 frilled lizards (D:1)
  2 rats (D:1)
23 creatures vanquished.

Vanquished Creatures (others)
  A dart slug (D:1)
1 creature vanquished.

Grand Total: 24 creatures vanquished

Notes
Turn   | Place    | Note
-------+----------+-------------------------------------------
     0 | D:1      | Charmandara the Merfolk Chaos Knight began the quest for
                  | the Orb.
     0 | D:1      | Reached XP level 1. HP: 18/18 MP: 1/1
    40 | D:1      | XOM: potion effect (brilliance)
    43 | D:1      | Reached skill level 5 in Polearms
    43 | D:1      | Reached skill level 3 in Dodging
    43 | D:1      | Reached XP level 2. HP: 19/24 MP: 2/2
   177 | D:1      | XOM: divination: magic mapping
   350 | D:1      | Reached XP level 3. HP: 29/29 MP: 3/3
   851 | D:2      | XOM: divination: detect creatures
   911 | D:2      | Noticed a shapeshifter
   911 | D:2      | a jackal changed into a shapeshifter
   911 | D:2      | Noticed a black mamba
   911 | D:2      | a shapeshifter changed into a black mamba
   913 | D:2      | XOM: butterfly on damage
   916 | D:2      | HP: 7/30 [poisoned by a black mamba]
   921 | D:2      | HP: 4/30 [poisoned by a black mamba]
   926 | D:2      | HP: 1/30 [poisoned by a black mamba]
   928 | D:2      | Succumbed to a black mamba's poison

Levels and vault maps discovered:
D:1:      psy_arrival_conway, layout_loops_ring
D:2:      layout_basic

Skill      XL: |  1 |
---------------+----+-----
Polearms       | 5 |  5.7
Dodging        | 3 |  3.5
Fighting       | |  3.8
Armour         | |  0.6

Action                   || total
-------------------------++-------
Melee: Spear             ||    97
  Use: Potion            ||     2
       Scroll            ||     1
Armor: Leather armour    ||    22
Dodge: Dodged            ||    42

Table legend:
 A = Non-vault XP
 B = Vault XP
 C = Vault XP percentage of total XP
 D = Non-vault monster count
 E = Vault monster count
 F = Vault count percentage of total count
                 A         B        C        D         E       F
            +---------+---------+-------+---------+---------+-------
      Total |      71 |       0 |   0.0 |      24 |       0 |   0.0
            +---------+---------+-------+---------+---------+-------
        D:1 |      50 |       0 |   0.0 |      20 |       0 |   0.0
        D:2 |      21 |       0 |   0.0 |       4 |       0 |   0.0
            +---------+---------+-------+---------+---------+-------

Levels and vault maps discovered:
D:1:      psy_arrival_conway, layout_loops_ring
D:2:      layout_basic

Table legend:
 A = Turns spent in this place as a percentage of turns spent in the entire game.
 B = Non-inter-level travel turns spent in this place as a percentage of non-inter-level travel turns spent in the entire game.
 C = Inter-level travel turns spent in this place as a percentage of turns spent in this place.
 D = Turns resting spent in this place as a percentage of non-inter-level travel turns spent in this place.
 E = Turns spent auto-exploring this place as a percentage of non-inter-level travel turns spent in this place.
 F = Non-inter-level travel turns spent in this place divided by the number of levels of this place that you've seen.
                   A       B       C       D       E      F
               +-------+-------+-------+-------+-------+----------------------
         Total | 100.0 | 100.0 |   3.0 |  19.8 |  53.2 | 450.0
       Dungeon | 100.0 | 100.0 |   3.0 |  19.8 |  53.2 | 450.0
               +-------+-------+-------+-------+-------+----------------------

Table legend:
 A = Kills in this place as a percentage of kills in entire the game.
 B = Kills by you in this place as a percentage of kills by you in the entire game.
 C = Kills by friends in this place as a percentage of kills by friends in the entire game.
 D = Other kills in this place as a percentage of other kills in the entire game.
 E = Experience gained in this place as a percentage of experience gained in the entire game.
 F = Experience gained in this place divided by the number of levels of this place that you have seen.
                   A       B       C       D       E      F
               +-------+-------+-------+-------+-------+----------------------
         Total | 100.0 | 100.0 |   N/A | 100.0 | 100.0 |  35.5
       Dungeon | 100.0 | 100.0 |   N/A | 100.0 | 100.0 |  35.5
               +-------+-------+-------+-------+-------+----------------------
